 Dungeon Crawl Stone Soup version 0.26.0-45-g9c1d065592 (webtiles) character file.

Game seed: 3003480435723212457

202 kaeus the Sneak (level 5, -3/36 HPs)
             Began as an Octopode Brigand on Jan 29, 2021.
             Slain by an adder (5 damage)
             ... on level 4 of the Dungeon.
             The game lasted 00:02:33 (3572 turns).

kaeus the Sneak (Octopode Brigand)                  Turns: 3572, Time: 00:02:33

Health: -3/36      AC:  1    Str: 10    XL:     5   Next: 80%
Magic:  6/7        EV: 11    Int: 13    God:
Gold:   208        SH:  6    Dex: 15    Spells: 6/6 levels left

rFire    . . .     SeeInvis +   a - +2 dagger
rCold    . . .     Faith    .   p - +0 kite shield
rNeg     . . .     Spirit   .   (helmet restricted)
rPois    .         Reflect  .   (no amulet)
rElec    .         Harm     .   (no ring)
rCorr    .         Rampage  .   o - ring of see invisible
Will     .....                  (no ring)
Stlth    ++++......             (no ring)
HPRegen  0.12/turn              (no ring)
MPRegen  0.10/turn              (no ring)
                                (no ring)
                                (no ring)

@: no status effects
A: almost no armour, stealthy swim, amphibious, 8 rings, constrict 8, camouflage
1, gelatinous body 1
a: no special abilities


You were on level 4 of the Dungeon.
You visited 1 branch of the dungeon, and saw 4 of its levels.

You collected 208 gold pieces.

Inventory:

Hand Weapons
 a - a +2 dagger (weapon)
 k - a +1 dagger of electrocution
Armour
 p - a +0 kite shield (worn)
Jewellery
 m - an uncursed ring of ice
 o - a ring of see invisible (right tentacle)
Wands
 f - a wand of acid (10)
 i - a wand of random effects (11)
Scrolls
 b - 3 scrolls of teleportation {unknown}
 e - 2 scrolls of identify {unknown}
 h - a scroll of fear {unknown}
 l - 3 scrolls of amnesia {unknown}
 n - a scroll of random uselessness {unknown}
Potions
 c - a potion of berserk rage {unknown}
 d - a potion of curing
 g - a potion of lignification {unknown}
 j - a potion of invisibility {unknown}


   Skills:
 + Level 2.8 Fighting
 + Level 2.8 Short Blades
 + Level 2.6 Throwing
 + Level 2.1 Dodging
 * Level 6.8 Stealth
 + Level 0.1 Shields
 + Level 1.3 Spellcasting


You had 6 spell levels left.
You didn't know any spells.
Your spell library was empty.

Dungeon Overview and Level Annotations

Branches:
Dungeon (4/15)
 Temple: D:4-7

Altars:
Makhleb
Qazlal
Sif Muna
Yredelemnul
The Shining One

Annotations:
D:2 1 runed translucent door, Crazy Yiuf


Innate Abilities, Weirdness & Mutations

You cannot wear most types of armour.
You are very stealthy in the water. (Stealth+)
You are amphibious.
You can wear up to eight rings at the same time.
You can use your tentacles to constrict eight enemies at once.
Your skin changes colour to match your surroundings (Stealth+).
Your rubbery body absorbs attacks. (AC +1, EV +1)


Message History

You feel sick. The adder completely misses you.
It was a potion of curing.
You feel better. The adder bites you but does no damage.
The leopard gecko barely misses you.
You regained 5 hp, and now have 14/36 hp.
You miss the adder. You grab the adder.
You squeeze the adder, but do no damage.
You constrict the adder. The adder bites you.
You block the leopard gecko's attack.
You take 3 damage, and have 11/36 hp.
You closely miss the leopard gecko. Your grab misses the leopard gecko.
You constrict the adder. The adder misses you.
The leopard gecko closely misses you. The adder bites you.
* * * LOW HITPOINT WARNING * * *
You take 5 damage, and have 6/36 hp.
You closely miss the leopard gecko. You grab the leopard gecko.
Your squeeze misses the leopard gecko. You constrict the adder.
You constrict the leopard gecko. The leopard gecko bites you.
* * * LOW HITPOINT WARNING * * *
The adder bites you.
You die...

#.##..## ##. ######..
#.<.[..# .. .........
#......#.. .........
#......#. .........
#......' .........
#.....?# .........
#......# .##......
#....lS# #......
#..##@## ######......
##..##.####....##......
........................
....[...................
................####'##.
#'##.####.##....##...###
. ##.####.########....#
..............'.....#
..............#.....#


You could see an adder and a leopard gecko.

Vanquished Creatures
  A bullfrog skeleton (D:4)
  2 worker ants (D:4)
  4 adders
  2 worms
  2 dart slugs
  2 leopard geckos (D:2)
  4 orcs
  A ball python (D:4)
  5 bats
  3 giant cockroaches
  7 goblins
  4 hobgoblins
  14 jackals
  A quokka (D:3)
  2 frilled lizards
  9 kobolds
  8 rats
71 creatures vanquished.

Notes
Turn   | Place    | Note
-------+----------+-------------------------------------------
     0 | D:1      | kaeus the Octopode Brigand began the quest for the Orb.
     0 | D:1      | Reached XP level 1. HP: 14/14 MP: 1/1
   148 | D:1      | Reached XP level 2. HP: 5/19 MP: 2/2
   399 | D:1      | You fall into a shaft and drop 1 floor!
   774 | D:2      | Reached XP level 3. HP: 18/24 MP: 3/3
   921 | D:2      | Found a basalt altar of Yredelemnul.
  1075 | D:2      | Reached skill level 6 in Stealth
  1123 | D:2      | Found a runed translucent door.
  1124 | D:2      | Noticed Crazy Yiuf
  1380 | D:2      | Reached XP level 4. HP: 27/30 MP: 5/5
  1999 | D:3      | Found a shimmering blue altar of Sif Muna.
  2477 | D:3      | Found a stormy altar of Qazlal.
  2502 | D:3      | Found a burning altar of Makhleb.
  2646 | D:3      | Reached skill level 1 in Spellcasting
  2708 | D:3      | Found a glowing golden altar of the Shining One.
  3126 | D:4      | Reached XP level 5. HP: 29/35 MP: 6/6
  3572 | D:4      | Slain by an adder

Illustrated notes

Levels and vault maps discovered:
D:1:      wander_arrival_estate, layout_rooms
D:2:      layout_basic, lemuel_doored_altar, serial_curves, eino_curves_02,
          eino_curves_04, uniq_crazy_yiuf_cottage
D:3:      layout_basic, overflow_temple_1_default, overflow_temple_1_default,
          nicolae_qazlal_eye_of_the_storm, nicolae_overflow_hidden_temple
D:4:      layout_gridville, nemelex_spade_bored_becter

Skill      XL: |  1  2  3  4  5 |
---------------+----------------+-----
Stealth        | 6 |  6.8
Spellcasting   | 1 |  1.3
Dodging        | 2 |  2.1
Fighting       | |  2.8
Short Blades   | |  2.8
Throwing       | |  2.6
Shields        | |  0.1

Action                   |  1- 3 |  4- 6 || total
-------------------------+-------+-------++-------
Melee: Dagger            |    51 |    71 ||   122
       Constrict         |    14 |    20 ||    34
       Tentacles         |    10 |    23 ||    33
Throw: Dart              |    94 |    39 ||   133
  Use: Potion            |       |     1 ||     1
 Stab: Sleeping          |       |     1 ||     1
       Distracted        |       |     1 ||     1
Armor: Skin              |     7 |     5 ||    12
Dodge: Dodged            |    33 |    45 ||    78
Block: Kite shield       |       |     2 ||     2
